 Dungeon Crawl Stone Soup version 0.24-a0-580-g6a6c3f83c1 (webtiles) character file.

Game seed: 13199780936353401999

37754 GordonOverkill the Grappler (level 13, -15/140 HPs)
             Began as a Troll Arcane Marksman on Aug 22, 2019.
             Was a High Priest of Makhleb.
             Killed from afar by a lindwurm (49 damage)
             ... with a blast of flame
             ... on level 6 of the Lair of Beasts.
             The game lasted 00:32:44 (17804 turns).

GordonOverkill the Grappler (TrAM)                 Turns: 17804, Time: 00:32:45

Health: -15/140    AC: 12    Str: 25    XL:     13   Next: 60%
Magic:  16/16      EV: 11    Int:  9    God:    Makhleb [*****.]
Gold:   1230       SH:  3    Dex: 10    Spells: 14/14 levels left

rFire    x . .     SeeInvis .     - Unarmed
rCold    + . .     Gourm    +   (no shield)
rNeg     . . .     Faith    .   x - +0 troll leather armour
rPois    .         Spirit   .   q - +2 hat
rElec    .         Reflect  +   g - +0 cloak
rCorr    +         Harm     .   (gloves unavailable)
MR       .....                  (boots unavailable)
Stlth    +.........             I - +3 amulet of reflection
HPRegen  1.13/turn              v - ring of resist corrosion
MPRegen  0.15/turn              i - ring of ice

@: lethally poisoned (-15 -> -16), slowed, very slow
A: large, unfitting armour, claws 3, fast metabolism 3, gourmand, regeneration
1, shaggy fur 1, tough skin 3
a: Minor Destruction, Lesser Servant of Makhleb, Major Destruction, Greater
Servant of Makhleb, Renounce Religion


You were on level 6 of the Lair of Beasts.
You worshipped Makhleb.
Makhleb was extremely pleased with you.
You were completely stuffed.

You visited 2 branches of the dungeon, and saw 17 of its levels.

You collected 1230 gold pieces.

Inventory:

Missiles
 b - 341 stones
 c - 10 large rocks (quivered)
 d - a throwing net
 k - 8 boomerangs
 w - a javelin
Armour
 a - a +0 robe
 g - a +0 cloak (worn)
 q - a +2 hat (worn)
 x - a +0 troll leather armour (worn)
 H - +0 ice dragon scales
Jewellery
 i - a ring of ice (right claw)
 o - an uncursed ring of positive energy
 p - the ring "Sontuwn" {MR+ rCorr Str+4 Dex+2 Slay-3}
   (You found it on level 5 of the Dungeon)

   [ring of resist corrosion]

   It affects your strength (+4).
   It affects your dexterity (+2).
   It affects your accuracy and damage with ranged weapons and melee attacks
   (-3).
   It affects your resistance to hostile enchantments.
   It provides partial protection from all sources of acid and corrosion.
 v - a ring of resist corrosion (left claw)
 y - an uncursed ring of wizardry
 I - a +3 amulet of reflection (around neck)
Wands
 l - a wand of paralysis (11)
 m - a wand of iceblast (7)
 s - a wand of digging (4)
 A - a wand of flame (24)
 L - a wand of enslavement (13)
Scrolls
 e - 3 scrolls of immolation
 h - 2 scrolls of magic mapping
 j - 3 scrolls of remove curse
 n - 2 scrolls of blinking
 r - a scroll of fear
 z - 2 scrolls of amnesia
 J - a scroll of enchant weapon
 K - 6 scrolls of identify
Potions
 t - a potion of haste
 u - a potion of brilliance
 B - 2 potions of heal wounds
 C - 3 potions of might
 D - a potion of lignification
 E - 3 potions of magic
 F - a potion of agility
 G - a potion of flight
Comestibles
 f - 43 rations
 M - 3 chunks of flesh


   Skills:
 - Level 12.0 Fighting
 - Level 2.0 Throwing
 + Level 7.8 Armour
 - Level 4.0 Dodging
 + Level 14.0 Unarmed Combat
 - Level 1.0 Spellcasting
   Level 2.0 Hexes
 - Level 6.0 Invocations


You had 14 spell levels left.
You didn't know any spells.
Your spell library contained the following spells:

 Spells                   Type           Power        Failure   Level  Hunger
 Corona                   Hex            #......      19%         1    ##.....
 Slow                     Hex            #.......     26%         2    ###....
 Magic Dart               Conj           #...         38%         1    ##.....
 Shock                    Conj/Air       #...         38%         1    ##.....
 Searing Ray              Conj           #.....       52%         2    ###....
 Swiftness                Chrm/Air       #.......     52%         2    ###....
 Dazzling Spray           Conj/Hex       #.....       63%         3    ####...
 Inner Flame              Hex/Fire       #.......     63%         3    ####...
 Portal Projectile        Hex/Tloc       #.....       63%         3    ####...
 Gell's Gravitas          Tloc           #.........   77%         3    ####...
 Static Discharge         Conj/Air       #.......     77%         3    ####...
 Cause Fear               Hex            #.........   87%         4    #####..
 Fulminant Prism          Conj/Hex       #.........   95%         4    #####..
 Leda's Liquefaction      Hex/Erth       #.........   95%         4    #####..
 Airstrike                Air            #.........   99%         4    #####..
 Force Lance              Conj/Tloc      #.......     99%         4    #####..
 Iskenderun's Mystic Bla  Conj           #.......     99%         4    #####..
 Lightning Bolt           Conj/Air       #.........   100%        5    ######.
 Dispersal                Tloc           #.........   100%        6    #######
 Controlled Blink         Tloc           N/A          100%        8    #######
 Disjunction              Tloc           #.........   100%        8    #######


Dungeon Overview and Level Annotations

Branches:
Dungeon (11/15)            Temple (0/1) D:7            Lair (6/6) D:9
 Shoals (0/4) Lair:2       Spider (0/4) Lair:3        Slime (0/5) Lair:5
    Orc: D:9-12

Altars:
Elyvilon
Fedhas
Gozag
Makhleb
Nemelex Xobeh
Trog
Wu Jian
Xom
Yredelemnul
The Shining One

Annotations:
D:9 1 runed translucent door, Skoj's ghost, journeyman DrTm


Innate Abilities, Weirdness & Mutations

You are too large for most types of armour.
You have claws for hands.
Your metabolism is lightning-fast.
You like to eat raw meat.
Your natural rate of healing is unusually fast.
You are covered in fur. (AC +1)
You have extremely tough skin. (AC +3)


Message History

Your ynoxinul closely misses the lindwurm.
The lindwurm bites your neqoxec!
The lindwurm barely misses your neqoxec.
The lindwurm closely misses your neqoxec.
The hornet stings your neqoxec!
Your neqoxec dies!
Your ufetubus disappears in a puff of smoke!
Your quasit disappears in a puff of smoke!
Your shadow imp disappears in a puff of smoke!
Your ynoxinul barely misses the hornet.
You claw the lindwurm!
The lindwurm is moderately wounded.
You feel sick. The hornet stings your ynoxinul.
Your ufetubus closely misses the lindwurm.
Your ufetubus hits the lindwurm but does no damage.
The hornet closely misses your ynoxinul.
Your ynoxinul barely misses the hornet.
The lindwurm breathes flames at you. The blast of flame hits you!!!
The fire burns you terribly!
You die...

###### ###########
###....##### #.##.P.##.#
##......†k@5#####........##
#[...###y355.##.....###....
#..### ####..#.....## ##...
#.. ## ###.....##.# ###8
#... #.##.....###### ##..
##.k ###.P....#.# ##...
######.......#### #...#
#.#......P.#### ##..##
##...##.#...#.# ##..##


You could see a lindwurm, a hornet, a friendly ynoxinul and 3 friendly ufetubi.

Vanquished Creatures
  An ice dragon (Lair:6)
  A hydra (Lair:6)
  A two-headed ogre (D:8)
  A catoblepas (Lair:6)
  A queen ant (Lair:2)
  Sonja (D:10)
  2 unseen horrors (D:10)
  A lindwurm (Lair:6)
  An oklob plant (Lair:4)
  2 cyclopes (D:11)
  An elephant (Lair:6)
  2 black mambas
  7 spiny frogs
  A molten gargoyle (Lair:3)
  5 torpor snails
  5 rime drakes
  A kobold demonologist (D:11)
  4 komodo dragons
  2 queen bees
  A jumping spider (Lair:3)
  3 trolls
  2 tyrant leeches (Lair:6)
  6 hornets (Lair:6)
  18 dream sheep
  5 hippogriffs
  4 blink frogs (Lair:1)
  2 wraiths
  14 yaks
  A basilisk (Lair:2)
  A water elemental (D:11)
  A steam dragon (D:9)
  A vampire mosquito (D:8)
  Menkaure (D:6)
  3 soldier ants (Lair:2)
  An acid dragon (D:11)
  8 porcupines
  3 orc warriors (D:10)
  8 water moccasins
  6 sky beasts
  2 ice beasts
  3 black bears
  A necrophage (D:7)
  3 ogres (D:4)
  2 eyes of draining
  A phantom (D:8)
  7 wolves
  7 crocodiles
  7 centaurs
  2 big kobolds (D:11)
  17 bullfrogs
  A gnoll sergeant (D:11)
  A wyvern zombie (D:11)
  4 scorpions
  47 killer bees
  3 wights
  5 howler monkeys
  4 electric eels
  6 crimson imps
  4 quasits
  A bullfrog zombie (D:6)
  3 human zombies (D:7)
  9 hounds
  2 centaur skeletons
  A centaur zombie (D:6)
  A human skeleton (D:7)
  2 bullfrog skeletons
  6 jellies
  3 orc priests
  An iguana (D:8)
  21 worker ants
  6 orc wizards
  3 mummies (D:7)
  A worker ant zombie (D:11)
  8 gnolls
  A howler monkey skeleton (D:4)
  16 adders
  3 shadow imps
  3 oozes
  An adder skeleton (D:8)
  3 worms
  3 leopard geckos
  34 orcs
  A ball python (D:2)
  5 giant cockroaches
  8 goblins
  6 hobgoblins
  6 jackals
  8 quokkas
  9 bats
  8 frilled lizards
  A jackal zombie (D:7)
  13 kobolds
  An orc skeleton (D:7)
  A quokka skeleton (D:5)
  5 rats
  8 fungi (Lair:4)
  7 plants (Lair:4)
475 creatures vanquished.

Vanquished Creatures (collateral kills)
  A hydra (Lair:6)
  A torpor snail (Lair:6)
  A tyrant leech (Lair:6)
  2 hornets (Lair:6)
  6 yaks (Lair:6)
  A water moccasin (Lair:6)
  3 killer bees (D:9)
  A fungus (Lair:6)
16 creatures vanquished.

Vanquished Creatures (others)
  21 fungi
  8 plants
29 creatures vanquished.

Grand Total: 520 creatures vanquished

Notes
Turn   | Place    | Note
-------+----------+-------------------------------------------
     0 | D:1      | GordonOverkill the Troll Arcane Marksman began the quest
                  | for the Orb.
     0 | D:1      | Reached XP level 1. HP: 18/18 MP: 1/1
   182 | D:1      | Reached skill level 1 in Fighting
   417 | D:1      | Reached XP level 2. HP: 27/27 MP: 2/2
   842 | D:1      | Reached skill level 1 in Unarmed Combat
  1149 | D:2      | Reached XP level 3. HP: 33/33 MP: 3/3
  1551 | D:2      | Reached skill level 2 in Unarmed Combat
  1551 | D:2      | Reached XP level 4. HP: 36/42 MP: 4/4
  2046 | D:3      | Reached XP level 5. HP: 47/50 MP: 5/5
  2047 | D:3      | Reached skill level 3 in Unarmed Combat
  2893 | D:4      | Noticed an ogre
  2897 | D:4      | Killed an ogre
  2954 | D:4      | Noticed an ogre
  2965 | D:4      | HP: 1/53 [gnoll/+0 spear (8)]
  2970 | D:4      | Killed an ogre
  2970 | D:4      | Reached skill level 4 in Unarmed Combat
  2970 | D:4      | Reached XP level 6. HP: 7/61 MP: 6/6
  3440 | D:4      | Reached XP level 7. HP: 70/70 MP: 7/7
  3913 | D:5      | Entered Level 5 of the Dungeon
  3923 | D:5      | Reached skill level 5 in Unarmed Combat
  3925 | D:5      | Got a steaming golden ring
  3970 | D:5      | Found a shimmering altar of Xom.
  4014 | D:5      | Found a white marble altar of Elyvilon.
  4016 | D:5      | Found a stormy altar of Qazlal.
  4016 | D:5      | Found a shimmering altar of Xom.
  4052 | D:5      | Found an ornate altar of the Wu Jian Council.
  4052 | D:5      | Found a burning altar of Makhleb.
  4182 | D:5      | Reached skill level 5 in Fighting
  4311 | D:5      | You fall into a shaft and drop 3 floors!
  4318 | D:8      | Reached skill level 6 in Unarmed Combat
  4322 | D:8      | Noticed a vampire mosquito
  4323 | D:8      | Reached XP level 8. HP: 51/80 MP: 8/8
  4323 | D:8      | Noticed a two-headed ogre
  4342 | D:8      | Killed a two-headed ogre
  4342 | D:8      | Reached skill level 7 in Unarmed Combat
  4367 | D:8      | Reached skill level 8 in Unarmed Combat
  4472 | D:8      | Reached XP level 9. HP: 42/92 MP: 9/9
  5037 | D:8      | Noticed a queen bee
  5172 | D:8      | Found a burning altar of Makhleb.
  5172 | D:8      | Found an opulent altar of Gozag.
  5173 | D:8      | Found a bloodstained altar of Trog.
  5179 | D:8      | Became a worshipper of Makhleb the Destroyer
  5395 | D:8      | Reached skill level 1 in Invocations
  5534 | D:8      | Killed a queen bee
  5577 | D:8      | Reached skill level 9 in Unarmed Combat
  6305 | D:7      | Found a staircase to the Ecumenical Temple.
  6715 | D:7      | Reached * piety under Makhleb
  6728 | D:7      | Found a basalt altar of Yredelemnul.
  7030 | D:6      | Reached XP level 10. HP: 62/103 MP: 11/11
  7347 | D:6      | Reached ** piety under Makhleb
  7432 | D:6      | Noticed Menkaure
  7436 | D:6      | Killed Menkaure
  8061 | D:9      | Identified the ring "Sontuwn" {MR+ rCorr Str+4 Dex+2
                  | Slay-3} (You found it on level 5 of the Dungeon)
  8204 | D:9      | Reached skill level 10 in Unarmed Combat
  8216 | D:9      | Reached skill level 5 in Invocations
  8323 | D:9      | Reached *** piety under Makhleb
  8361 | D:9      | Found a runed translucent door.
  8361 | D:9      | Noticed Skoj's ghost (journeyman DrTm)
  8413 | D:9      | Found a staircase to the Lair.
  8437 | Lair:1   | Entered Level 1 of the Lair of Beasts
  8585 | D:9      | Found a white marble altar of Elyvilon.
  9187 | D:9      | Found a basalt altar of Yredelemnul.
  9193 | D:9      | Found an ornate altar of the Wu Jian Council.
  9196 | D:9      | Found a sparkling altar of Nemelex Xobeh.
  9888 | D:9      | Reached skill level 10 in Fighting
 10096 | D:9      | Reached XP level 11. HP: 110/117 MP: 14/14
 10157 | D:10     | Entered Level 10 of the Dungeon
 10508 | D:9      | Reached **** piety under Makhleb
 10741 | D:10     | Noticed Sonja
 10755 | D:10     | Killed Sonja
 10847 | D:10     | Killed an unseen horror
 11226 | D:10     | Killed an unseen horror
 11526 | D:10     | Found a glowing golden altar of the Shining One.
 11748 | D:10     | Reached skill level 1 in Armour
 12592 | D:11     | Reached skill level 11 in Unarmed Combat
 13454 | Lair:1   | Reached XP level 12. HP: 127/128 MP: 15/15
 13985 | Lair:2   | Found a staircase to the Shoals.
 14478 | Lair:2   | Noticed a queen ant
 14492 | Lair:2   | Killed a queen ant
 14492 | Lair:2   | Reached skill level 12 in Unarmed Combat
 15153 | Lair:3   | Found a hole to the Spider Nest.
 15457 | Lair:3   | Reached skill level 5 in Armour
 16324 | Lair:4   | Reached XP level 13. HP: 140/140 MP: 16/16
 16562 | Lair:4   | Found a blossoming altar of Fedhas.
 16604 | Lair:4   | Reached skill level 13 in Unarmed Combat
 16937 | Lair:5   | Found a staircase to the Slime Pits.
 16949 | Lair:5   | Reached ***** piety under Makhleb
 16965 | Lair:5   | You fall into a shaft and drop 1 floor!
 16965 | Lair:6   | Entered Level 6 of the Lair of Beasts
 17565 | Lair:6   | Paralysed by a hornet for 1 turns
 17668 | Lair:6   | Found a runed translucent door.
 17782 | Lair:6   | Paralysed by a hornet for 1 turns
 17789 | Lair:6   | Reached skill level 14 in Unarmed Combat
 17798 | Lair:6   | Paralysed by a hornet for 3 turns
 17804 | Lair:6   | Killed from afar by a lindwurm

Levels and vault maps discovered:
D:1:      nzn_arrival_settlement, layout_loops_corners, bh_walls_and_bars
D:2:      minmay_angry_zag, layout_loops_corners
D:3:      layout_loops_corners, first_ration
D:4:      layout_basic, serial_aquarium, aquarium_bridge_island_large
          [aquarium_subvault_large_open, aquarium_subvault_wall,
          aquarium_subvault_bridge, aquarium_subvault_balcony,
          aquarium_subvault_wall], aquarium_bridge_straight
          [aquarium_subvault_bridge, aquarium_subvault_wall,
          aquarium_subvault_bridge, aquarium_subvault_window],
          aquarium_window_fake, aquarium_window_1, aquarium_window_corner,
          aquarium_view_2b, aquarium_balcony_double_2
D:5:      layout_rooms, doesnt_xom_only_xom
D:6:      layout_basic, uniq_menkaure
D:7:      layout_basic, minmay_temple_entry_poolview,
          lemuel_mausoleum_altar_yredelemnul
D:8:      hangedman_cross_stitches, layout_gridville,
          gammafunk_temple_overflow_claw, david_nohive_1
D:9:      kennysheep_spiral_hall, layout_basic, grunt_temple_overflow_diamond,
          erik_lair_island, basic_altar, special_room [special_room_bee],
          gammafunk_ghost_grave
D:10:     layout_basic, tso_metal_star, uniq_sonja
D:11:     layout_cave_pools, kennysheep_generic_room_2
Lair:1:   layout_hall_layers
Lair:2:   layout_small_grid, elwin_shoals_entry_rocks, minmay_another_anthill
Lair:3:   wander_river, layout_gridlike, spider_nest_entry_rubble
Lair:4:   layout_long_grid, tgw_fedhas, serial_bayou_shore_b, lemuel_fruit_tree,
          grunt_megastairs_5
Lair:5:   layout_cave_pods, slime_dummy, basic_altar, pf_torpor_hydra,
          serial_bayou_shore_a
Lair:6:   wormcave, layout_layer_cave, guppyfry_lair_end_dragon,
          infiniplex_staircase_pool

Skill      XL: |  1  2  3  4  5  6  7  8  9 10 11 12 13 |
---------------+----------------------------------------+-----
Fighting       | 1 2 3 4 5 6 8 10 12 | 12.0
Throwing       | 2 |  2.0
Unarmed Combat | 1 2 4 6 8 9 10 11 12 14 | 14.0
Dodging        | 2 4 |  4.0
Invocations    | 3 6 |  6.0
Armour         | 3 5 7 |  7.8
Spellcasting   | |  1.0
Hexes          | |  2.0

Action                   |  1- 3 |  4- 6 |  7- 9 | 10-12 | 13-15 || total
-------------------------+-------+-------+-------+-------+-------++-------
Melee: Unarmed           |    75 |   105 |   312 |   882 |   242 ||  1616
       Punch             |       |     1 |    14 |    46 |    18 ||    79
Throw: Stone             |    54 |    51 |    17 |       |       ||   122
       Large rock        |       |     6 |       |     1 |     2 ||     9
       Javelin           |       |       |     7 |       |       ||     7
       Throwing net      |       |       |     2 |     1 |       ||     3
       Boomerang         |       |       |    26 |    12 |       ||    38
Invok: Lesser Servant of |       |       |       |     1 |     7 ||     8
Evoke: Wand              |       |       |       |     7 |     9 ||    16
  Use: Potion            |       |     4 |     2 |     5 |       ||    11
       Scroll            |       |       |     2 |    23 |     2 ||    27
 Stab: Sleeping          |     1 |     1 |       |     1 |       ||     3
       Invisible         |       |     1 |     2 |       |       ||     3
       Held in net/web   |       |       |       |     1 |       ||     1
       Paralysed         |       |       |       |     2 |     2 ||     4
       Distracted        |       |       |       |       |     1 ||     1
  Eat: Chunk             |    20 |    17 |    25 |    87 |    13 ||   162
       Ration            |       |       |     1 |     1 |       ||     2
Armor: Robe              |    22 |    28 |   102 |   144 |       ||   296
       Troll leather arm |       |       |       |   162 |    70 ||   232
       Skin              |       |       |       |    13 |       ||    13
Dodge: Dodged            |    41 |    52 |   162 |   495 |    83 ||   833
Block: Other             |       |       |       |    22 |    25 ||    47

Table legend:
 A = Non-vault XP
 B = Vault XP
 C = Vault XP percentage of total XP
 D = Non-vault monster count
 E = Vault monster count
 F = Vault count percentage of total count
                 A         B        C        D         E       F
            +---------+---------+-------+---------+---------+-------
      Total |   37443 |   16492 |  30.6 |     353 |     122 |  25.7
            +---------+---------+-------+---------+---------+-------
        D:1 |      23 |       0 |   0.0 |      16 |       0 |   0.0
        D:2 |     161 |       6 |   3.6 |      27 |       3 |  10.0
        D:3 |      43 |       0 |   0.0 |      21 |       0 |   0.0
        D:4 |     537 |       0 |   0.0 |      18 |       0 |   0.0
        D:5 |     521 |       0 |   0.0 |      16 |       0 |   0.0
        D:6 |     944 |     172 |  15.4 |      28 |       1 |   3.4
        D:7 |     225 |     755 |  77.0 |       6 |      13 |  68.4
        D:8 |    1344 |    1877 |  58.3 |      13 |      23 |  63.9
        D:9 |    1939 |    2967 |  60.5 |      35 |      38 |  52.1
       D:10 |    3080 |     848 |  21.6 |      27 |       1 |   3.6
       D:11 |    4300 |     117 |   2.6 |      38 |       2 |   5.0
     Lair:1 |    4317 |       0 |   0.0 |      20 |       0 |   0.0
     Lair:2 |    1902 |    1799 |  48.6 |       9 |      17 |  65.4
     Lair:3 |    4988 |     301 |   5.7 |      25 |       1 |   3.8
     Lair:4 |    5046 |    1378 |  21.5 |      21 |       5 |  19.2
     Lair:5 |     702 |       0 |   0.0 |       6 |       0 |   0.0
     Lair:6 |    7371 |    6272 |  46.0 |      27 |      18 |  40.0
            +---------+---------+-------+---------+---------+-------
